Description

GSL build won vs True, play like the only non Zerg top4(lost once with this build vs rogue but I think he had a lead just not the best forcefields and splits vs banedrop), a version of this build with oracle into phoenix.

I do not know how he decides where to shade adepts, sometimes main sometimes 3rd and go home, tries to save a few every time.
Possible transitions 2nd robo robotics bay ruptors(good vs ling bane ravager or the like).

VOD

https://youtu.be/x8qygrjnnO8?t=1182

Build Order

Get SALT Encoding   

  14  0:18  Pylon  
  16  0:45  Gateway  
  16  0:48  Assimilator  
  20  1:24  Nexus  
  20  1:36  Cybernetics Core  
  21  1:46  Assimilator  
  22  1:54  Pylon  
  24  2:12  Adept  
  26  2:18  Stargate  
  27  2:28  Warp Gate  
  29  2:35  Adept  
  37  3:00  Phoenix  
  39  3:11  Pylon  
  41  3:21  Oracle  
  44  3:25  Gateway x2  
  48  3:40  Assimilator x2  
  48  3:46  Twilight Council  
  52  3:55  Pylon  
  52  3:57  Adept  
  54  4:07  Robotics Facility  as your gas finish
  54  4:22  Resonating Glaives, Adept x2  push out with 6, shade into 3rd, don't loose them go home if roaches
  54  4:24  Adept  
  62  4:35  Pylon  
  58  4:45  Adept x3  
  64  4:50  Immortal (Chrono Boost)  
  72  5:11  Sentry x3  See their dronecount decide what to warp in 3 sentry and make 3 gates if few drones 3 adept & nexus if many.
  78  5:18  Gateway x3  If you see low dronecount gates-allin, if you see many nexus
Spawning Tool Build Advisor. Get it on Overwolf

Go to:

Details

  • Created by: Hindrance
  • Published on: Nov 12, 2019
  • Modified on: Nov 12, 2019
  • Patch: 4.7.1
Show
View Real Time Build Order
Export as new Build Order

Comments (0)

There are no comments. Be the first!

Create an account to comment!